 Dungeon Crawl Stone Soup version 0.16-a0-791-gf1c67de (webtiles) character file.

4043 JacquesDerrida the Martial Artist (level 10, -2/69 HPs)
             Began as a Demonspawn Transmuter on Sept 27, 2014.
             Was a Believer of Ru.
             Killed from afar by an orc wizard (8 damage)
             ... with a puff of frost
             ... on Level 10 of the Dungeon.
             The game lasted 00:32:42 (6042 turns).

JacquesDerrida the Martial Artist (DsTm)            Turns: 6042, Time: 00:32:43

HP  -2/69        AC 10     Str 11      XL: 10   Next:  4%
MP  16/16        EV 16     Int 14      God: Ru [**....]
Gold 435         SH  0     Dex 17      Spells:  1 memorised, 12 levels left

rFire  + . .     SeeInvis .     b - +0 blowgun
rCold  . . .     Clarity  .     W - +2 robe {MR+}
rNeg   . . .     rCorr    .     (no shield)
rPois  .         rRot     .     o - +1 hat
rElec  .         Spirit   .     z - +0 cloak
SustAb .         Warding  .     F - +0 pair of gloves
rMut   .         Stasis   .     (no boots)
Gourm  .                        (no amulet)
MR     +....                    A - ring of protection from fire
                                q - +3 ring of protection

@: somewhat resistant to hostile enchantments, unstealthy
A: hooves 2, repulsion field 1, frail 1, nightstalker 1, slow reflexes 1
a: Renounce Religion


You were on level 10 of the Dungeon.
You worshipped Ru.
Ru was pleased with you.
You were very hungry.

You visited 2 branches of the dungeon, and saw 11 of its levels.

You collected 485 gold pieces.
You spent 50 gold pieces at shops.

Inventory:

Hand weapons
 b - a +0 blowgun (weapon)
Missiles
 t - 115 arrows
 u - 26 poisoned needles (quivered)
 G - 8 arrows of flame
 R - 3 throwing nets
Armour
 o - a +1 hat (worn)
 z - a +0 cloak (worn)
 F - a +0 pair of gloves (worn)
 W - a +2 robe of magic resistance (worn)
Magical devices
 k - a wand of random effects (3)
 w - a wand of digging (14)
 B - a wand of frost (9)
 E - a wand of flame (7)
 H - a wand of polymorph (12)
 I - a wand of fire (0)
 U - a wand of cold (4)
Comestibles
 a - 9 bread rations
 l - a slice of pizza
 v - 5 meat rations
 D - 9 beef jerkies
Scrolls
 e - 9 scrolls of remove curse
 f - 2 scrolls of magic mapping {unknown}
 g - a scroll of identify
 j - 3 scrolls of teleportation
 p - a scroll of enchant weapon {unknown}
 r - a scroll of blinking {unknown}
 y - a scroll of enchant armour {unknown}
 C - 3 scrolls of noise {unknown}
 J - a scroll of silence {unknown}
 L - a scroll of brand weapon {unknown}
 O - a scroll of recharging {unknown}
 P - a scroll of immolation {unknown}
Jewellery
 m - a cursed ring of see invisible
 q - a +3 ring of protection (left hand)
 A - a ring of protection from fire (right hand)
 Q - an uncursed ring of protection from cold
Potions
 c - 2 potions of agility
 h - a potion of haste
 n - a potion of might {unknown}
 s - 2 potions of cure mutation
 x - 4 potions of curing
 K - 2 potions of resistance
 N - a potion of mutation {unknown}
 T - a potion of heal wounds {unknown}
Books
 d - a book of Changes

   Spells                             Type                      Level
   *Beastly Appendage                 Transmutation                1
   Sticks to Snakes                   Transmutation                2
   Spider Form                        Transmutation/Poison         3
   Ice Form                           Ice/Transmutation            4
   Blade Hands                        Transmutation                5


   Skills:
 + Level 6.7 Fighting
 + Level 7.2 Dodging
 - Level 10.0 Unarmed Combat
 - Level 2.0 Spellcasting
 - Level 1.7 Transmutations


You had 12 spell levels left.
You knew the following spells:

 Your Spells              Type           Power        Failure   Level  Hunger
a - Beastly Appendage     Trmt           #.....       14%         1    ##.....


Dungeon Overview and Level Annotations

Branches:
Dungeon (10/15)            Temple (1/1) D:4            Lair (0/8) D:9
    Orc: D:9-12

Altars:
Ashenzari
Dithmenos
Fedhas
Gozag
Kikubaaqudgha
Makhleb
Okawaru
Qazlal
Ru
Sif Muna
Xom
Yredelemnul
The Shining One

Shops:
D:9 [

Annotations:
D:4 asdu's ghost, average HONe


Innate Abilities, Weirdness & Mutations

You have hoof-like feet.
You are surrounded by a mild repulsion field (EV +2).
You are frail (-10% HP).
You are slightly more attuned to the shadows.
You have somewhat slow reflexes. (-3 EV)


Message History

The curare-tipped needle hits the orc wizard.
The orc wizard is poisoned.
The orc wizard convulses.
The orc wizard seems to slow down.
The orc wizard is moderately wounded.
The orc wizard hits you but does no damage.
The komodo dragon is no longer moving slowly.
The komodo dragon looks more healthy.
Evoke which item? (* to show all) (? for menu, Esc to quit)
Zapping:
I - a wand of fire {zapped: 5}
Press: ? - help, Shift-Dir - straight line, f/p - komodo dragon
Aim: a komodo dragon (heavily wounded) Nothing appears to happen.
The orc wizard hits you but does no damage.
The orc wizard points at you and mumbles some strange words.
The puff of frost hits you!
* * * LOW HITPOINT WARNING * * *
The orc wizard is no longer moving slowly.
The orc wizard gestures at you while chanting.
The puff of frost hits you!
You die...

##### .#.# ## ###..## #.######
# #.....## ### ## .###...##
#.###.o....###.##.# ....###.#
##.@..ol.....#....# ..### #.##
##..##.###...##.$..#. ..#
#..####..###.##...###...(.. ..#
##.##........#[...# #.))##.
..######....########....###...#
.........#### #...###.(..#
...##....# #...##....## ...
##...# #...(.....# . #....#
#.........#


You could see a komodo dragon, an orc wizard and an orc.

Vanquished Creatures
  Pikel (D:5)
  A hill giant (D:10)
  Menkaure (D:7)
  2 slaves
  An orc warrior (D:6)
  A phantom (D:8)
  A sky beast (D:8)
  2 water moccasins (D:6)
  An ice beast (D:9)
  A black bear (D:8)
  4 ogres
  4 centaurs
  2 big kobolds (D:8)
  5 giant frogs
  2 eyes of draining
  A scorpion (D:9)
  5 wights (D:6)
  A killer bee (D:6)
  A goliath beetle (D:6)
  3 crimson imps
  3 orc priests
  A centaur skeleton (D:8)
  2 iguanas
  A quasit (D:9)
  A hound (D:9)
  5 worker ants
  4 orc wizards
  Ijyb (D:2)
  An ogre skeleton (D:6)
  A hound zombie (D:6)
  A hound skeleton (D:9)
  A worker ant zombie (D:5)
  3 mummies
  An orc zombie (D:8)
  4 adders
  3 gnolls (D:4)
  A shadow imp (D:9)
  A gnoll skeleton (D:4)
  An orc skeleton (D:6)
  2 adder skeletons
  An adder zombie (D:8)
  9 orcs
  3 ball pythons
  6 giant cockroaches
  9 goblins
  5 hobgoblins
  4 jackals
  5 quokkas
  15 bats
  2 giant geckos (D:5)
  A giant gecko skeleton (D:8)
  6 giant newts
  A giant spore (D:9)
  17 kobolds
  6 rats
  A rat skeleton (D:5)
  4 ballistomycetes (D:9)
173 creatures vanquished.

Vanquished Creatures (others)
  A goblin (D:5)
  A giant spore (D:9)
  A kobold zombie (D:5)
3 creatures vanquished.

Grand Total: 176 creatures vanquished

Notes
Turn   | Place    | Note
--------------------------------------------------------------
     0 | D:1      | JacquesDerrida, the Demonspawn Transmuter, began the quest for the Orb.
     0 | D:1      | Reached XP level 1. HP: 15/15 MP: 3/3
   159 | D:1      | Reached skill level 3 in Unarmed Combat
   256 | D:1      | Lost mutation: You have claws for feet. [demonic ancestry]
   256 | D:1      | Lost mutation: You have razor-sharp toenails. [demonic ancestry]
   256 | D:1      | Lost mutation: You have sharp toenails. [demonic ancestry]
   256 | D:1      | Gained mutation: You have large cloven feet. [demonic ancestry]
   256 | D:1      | Reached XP level 2. HP: 14/21 MP: 2/4
   465 | D:2      | Noticed Ijyb
   500 | D:2      | Killed Ijyb
   500 | D:2      | Reached skill level 4 in Unarmed Combat
   500 | D:2      | Reached XP level 3. HP: 7/26 MP: 6/6
   624 | D:2      | Found an iron altar of Okawaru.
  1057 | D:3      | Gained mutation: You have hoof-like feet. [demonic ancestry]
  1057 | D:3      | Reached XP level 4. HP: 20/32 MP: 5/7
  1399 | D:4      | Reached skill level 5 in Unarmed Combat
  1554 | D:4      | Found a staircase to the Ecumenical Temple.
  1563 | Temple   | Entered the Ecumenical Temple
  1567 | Temple   | Became a worshipper of Ru the Awakened
  1628 | D:4      | Noticed asdu's ghost (average HONe)
  1722 | D:4      | Reached XP level 5. HP: 37/37 MP: 9/9
  1911 | D:4      | Found a shimmering altar of Xom.
  1942 | D:5      | Entered Level 5 of the Dungeon
  1943 | D:5      | Found a shattered altar of Ashenzari.
  1945 | D:5      | Noticed a slave
  1952 | D:5      | Noticed a slave
  1953 | D:5      | Noticed a slave
  1989 | D:4      | Killed a slave
  2045 | D:5      | Noticed a slave
  2067 | D:5      | Killed a slave
  2155 | D:5      | Noticed Pikel
  2173 | D:5      | Killed Pikel
  2173 | D:5      | Reached skill level 7 in Unarmed Combat
  2173 | D:5      | Reached XP level 6. HP: 25/43 MP: 10/10
  2173 | D:5      | Gained mutation: You are slightly more attuned to the shadows. [demonic ancestry]
  2173 | D:5      | Reached XP level 7. HP: 27/48 MP: 12/12
  2305 | D:5      | Reached skill level 8 in Unarmed Combat
  2418 | D:6      | Found a shadowy altar of Dithmenos.
  2665 | D:6      | Found a blossoming altar of Fedhas.
  3000 | D:6      | Gained mutation: You are frail (-10% HP). [Ru sacrifice]
  3000 | D:6      | Acquired Ru's first power
  3158 | D:6      | Reached skill level 9 in Unarmed Combat
  3158 | D:6      | Reached XP level 8. HP: 15/48 MP: 13/13
  4033 | D:7      | Reached skill level 10 in Unarmed Combat
  4105 | D:7      | Noticed Menkaure
  4108 | D:7      | Killed Menkaure
  4340 | D:8      | Found an opulent altar of Gozag.
  4407 | D:8      | Found an ancient bone altar of Kikubaaqudgha.
  4428 | D:8      | Gained mutation: You are surrounded by a mild repulsion field (EV +2). [demonic ancestry]
  4428 | D:8      | Reached XP level 9. HP: 20/55 MP: 12/14
  4622 | D:8      | Reached skill level 5 in Dodging
  5001 | D:9      | Found a staircase to the Lair.
  5002 | D:9      | Found Klua's Antique Armour Emporium.
  5006 | D:9      | Bought an embroidered robe for 25 gold pieces
  5019 | D:9      | Bought an embroidered robe for 25 gold pieces
  5074 | D:9      | Gained mutation: You have somewhat slow reflexes. (-3 EV) [Ru sacrifice]
  5074 | D:9      | Acquired Ru's second power
  5156 | D:9      | Reached skill level 5 in Fighting
  5652 | D:9      | Found a burning altar of Makhleb.
  5653 | D:9      | Found a stormy altar of Qazlal.
  5653 | D:9      | Found a deep blue altar of Sif Muna.
  5781 | D:10     | Entered Level 10 of the Dungeon
  5781 | D:10     | Noticed a hill giant
  5814 | D:10     | Killed a hill giant
  5814 | D:10     | Reached XP level 10. HP: 44/69 MP: 5/16
  6009 | D:10     | Noticed a komodo dragon
  6042 | D:10     | Killed from afar by an orc wizard

Action                   |  1- 3 |  4- 6 |  7- 9 | 10-12 || total
-------------------------+-------+-------+-------+-------++-------
Melee: Unarmed           |   102 |    65 |   338 |    21 ||   526
 Fire: Blowgun           |       |    27 |    27 |     4 ||    58
 Cast: Beastly Appendage |    19 |     7 |    23 |       ||    49
Invok: Sacrifice Health  |       |       |     2 |       ||     2
Evoke: Wand              |     1 |     1 |    15 |     1 ||    18
  Use: Potion            |     1 |       |     2 |     1 ||     4
       Scroll            |       |       |     5 |     1 ||     6
 Stab: Sleeping          |       |       |     6 |       ||     6
  Eat: Chunk             |     1 |     4 |    12 |       ||    17
